 Dungeon Sprint DCSS version 0.30.1-11-g7821555f0a (webtiles) character file.

Game seed: 4957254007061581202

3800000 Groucho the Intangible (level 20, -22/137 HPs)
             Began as a Spriggan Warper on Nov 25, 2023.
             Was the Champion of Makhleb.
             Annihilated by The Servant
             ... wielding a +9 glaive of flaming
              (147 damage)
             ... in the Dungeon (Sprint VIII: "Arena of Blood").
             The game lasted 00:02:06 (38 turns).

Groucho the Intangible (Spriggan Warper)              Turns: 38, Time: 00:02:06

Health: -22/137    AC:  4    Str:  7    XL:     20   Next: 65%
Magic:  20/52      EV: 34    Int: 24    God:    Makhleb [******]
Gold:   0          SH:  0    Dex: 14    Spells: 73/73 levels left

rFire   . . .        j - +∞ Axe of Woe
rCold   . . .        (shield currently unavailable)
rNeg    . . .        b - +0 robe
rPois   .            (helmet restricted)
rElec   .            (no cloak)
rCorr   .            (gloves unavailable)
SInv    +            (boots unavailable)
Will    +++..        (no amulet)
Stlth   +++++++++    (no ring)
HPRegen 0.42/turn    (no ring)
MPRegen 0.33/turn

%: no teleportation
@: very quick
A: very small, no large weapons, unfitting armour, see invisible, speed 3
a: Renounce Religion, Minor Destruction, Lesser Servant of Makhleb, Major
Destruction, Greater Servant of Makhleb


You were in the Dungeon.
You worshipped Makhleb.
Makhleb was exalted by your worship.
You visited 1 branch

Inventory:

Hand Weapons
 a - a +0 hand axe
 j - the +∞ Axe of Woe (weapon)
   (You found it in the Dungeon)
Missiles
 d - 7 boomerangs of dispersal (quivered)
Armour
 b - a +0 robe (worn)
Jewellery
 k - a +30 ring of slaying
Scrolls
 c - 2 scrolls of blinking
Potions
 e - a potion of curing
 f - a potion of heal wounds
 g - a potion of haste
 h - 2 potions of magic
 i - a potion of berserk rage


   Skills:
 O Level 27 Fighting
 + Level 7.0(8.4) Short Blades
 + Level 5.3(6.4) Long Blades
 O Level 27 Axes
 + Level 4.8(17.5) Maces & Flails
 + Level 4.8(17.5) Polearms
 + Level 4.9(6.7) Staves
 + Level 6.4 Ranged Weapons
 + Level 6.6 Throwing
 O Level 27 Armour
 O Level 27 Dodging
 O Level 27 Stealth
 + Level 4.8 Shields
 + Level 5.3 Unarmed Combat
 O Level 27 Spellcasting
 + Level 4.8 Conjurations
 + Level 7.7 Hexes
 + Level 5.3 Summonings
 + Level 5.8 Necromancy
 O Level 27 Translocations
 + Level 8.5 Transmutations
 + Level 5.3 Fire Magic
 + Level 5.3 Ice Magic
 + Level 5.8 Air Magic
 + Level 5.8 Earth Magic
 + Level 6.4 Poison Magic
 O Level 27 Invocations
 + Level 8.5 Evocations


You had 73 spell levels left.
You didn't know any spells.
Your spell library contained the following spells:

 Spells                   Type           Power      Damage    Failure   Level
 Blink                    Tloc           100%       N/A       0%          2
 Lesser Beckoning         Tloc           100%       N/A       0%          2
 Teleport Other           Tloc           100%       N/A       0%          3
 Vhi's Electric Charge    Tloc/Air       100%       N/A       0%          3
 Manifold Assault         Tloc           100%       N/A       0%          4


Dungeon Overview and Level Annotations

Branches:
Dungeon (1/1)

Altars:
Makhleb

Annotations:
D The Servant


Innate Abilities, Weirdness & Mutations

You are very small and have problems with some larger weapons.
You are too small for most types of armour.
You have supernaturally acute eyesight. (SInv)
You cover ground extremely quickly. (Speed+++)


Message History

You hear a shout! x3
The bag of meat is engulfed in blazing flames.
The Servant is engulfed in blazing flames.
The Servant hits you from afar with a +9 glaive of flaming!!
The Servant burns you.
You hear a shout! x4
Your base Short Blades skill increases to level 7!
Your base Long Blades skill increases to level 5!
Your Ranged Weapons skill increases to level 6!
Your Unarmed Combat skill increases to level 5!
Your Summonings skill increases to level 5!
Your Transmutations skill increases to level 8!
Your Fire Magic skill increases to level 5!
Your Ice Magic skill increases to level 5!
Your Poison Magic skill increases to level 6!
Your Evocations skill increases to level 8!
Unknown command.
Unknown command.
You hit the bag of meat. You chop the bag of meat into pieces.
You kill the bag of meat!
Makhleb accepts your kill.
You feel better.
You hit the bag of meat.
You slaughter the bag of meat joyfully.
You kill the bag of meat!
Makhleb accepts your kill.
You feel better.
You hit the bag of meat.
You hew the bag of meat savagely.
You kill the bag of meat!
Makhleb accepts your kill.
You feel better.
You are engulfed in blazing flames.
You hear a shout! x2
The destroyer is engulfed in blazing flames.
You hear a shout!
The destroyer casts a spell at you.
The destroyer blinks!
You hear a shout!
A bag of meat comes into view. It is wielding a +9 war axe.
The Servant is engulfed in blazing flames.
The Servant hits you from afar with a +9 glaive of flaming!!!!!
Ouch! That really hurt!
You die...

...............###....
...§...#........_.....
....#.......#.....# .
###..........#_.<._#..
o##...o#...z...#.....#.O
#........#..§....._.....
#.....@o)o.......###)...
...oo.§°§o).###.......##
..o...§@o§☼...#.o.....#
.....o.)V§§...#...o...#
....o#..§§V.............
...o#O#o#.z.......o.o...
....o#.#................
#..o#.#.#..............#
##...# .....#........#.
#o ......§......#.


You could see The Servant, 2 destroyers, 2 sculptors of flesh, a large bag of
meat (inner flame) and 16 bags of meat.

Vanquished Creatures
  A vampire knight (D)
  10 ogres (D)
  2 two-headed ogres (D)
  33 orcs (D)
46 creatures vanquished.

Notes
Turn   | Place    | Note
-------+----------+-------------------------------------------
     0 | D        | Found the +∞ Axe of Woe
     0 | D        | Groucho the Spriggan Warper began the quest for the Orb.
     0 | D        | Reached XP level 1. HP: 10/10 MP: 5/5
     0 | D        | Noticed a bag of meat
     3 | D        | Killed a bag of meat
     3 | D        | Noticed a bag of meat
     3 | D        | Noticed a bag of meat
     3 | D        | Noticed a bag of meat
     4 | D        | Reached skill level 15 in Axes
     4 | D        | Reached XP level 2. HP: 14/14 MP: 6/6
     4 | D        | Reached XP level 3. HP: 18/18 MP: 8/8
     4 | D        | Reached XP level 4. HP: 22/22 MP: 9/9
     4 | D        | Reached XP level 5. HP: 25/25 MP: 10/10
     4 | D        | Reached XP level 6. HP: 30/30 MP: 11/11
     4 | D        | Reached XP level 7. HP: 33/33 MP: 12/12
     4 | D        | Reached XP level 8. HP: 37/37 MP: 13/13
     4 | D        | Reached XP level 9. HP: 41/41 MP: 14/14
     4 | D        | Reached XP level 10. HP: 46/46 MP: 15/15
     5 | D        | Became a worshipper of Makhleb the Destroyer
     8 | D        | Killed a bag of meat
     9 | D        | Reached XP level 11. HP: 49/49 MP: 16/16
     9 | D        | Noticed a bag of meat
     9 | D        | Noticed a meat berserker
     9 | D        | Noticed a bag of meat
    10 | D        | Noticed a bag of meat
    11 | D        | Noticed a bag of meat
    12 | D        | Noticed a bag of meat
    12 | D        | Noticed a bag of meat
    12 | D        | Noticed a bag of meat
    13 | D        | Noticed a bag of meat
    14 | D        | Noticed a bag of meat
    15 | D        | Noticed a meat berserker
    15 | D        | Noticed a meat berserker
    16 | D        | Noticed a bag of meat
    17 | D        | Noticed a meat berserker
    17 | D        | Noticed a bag of meat
    17 | D        | Noticed a bag of meat
    17 | D        | Noticed a bag of meat
    18 | D        | Noticed a bag of meat
    18 | D        | Noticed a meat berserker
    19 | D        | Noticed a meat berserker
    19 | D        | Noticed a bag of meat
    19 | D        | Noticed a bag of meat
    19 | D        | Noticed a bag of meat
    20 | D        | Noticed a large bag of meat
    20 | D        | Noticed a bag of meat
    20 | D        | Noticed a bag of meat
    20 | D        | Noticed a bag of meat
    21 | D        | Noticed a bag of meat
    21 | D        | Noticed a destroyer
    21 | D        | Noticed a bag of meat
    21 | D        | Noticed a bag of meat
    21 | D        | Noticed a bag of meat
    21 | D        | Noticed a bag of meat
    21 | D        | Noticed a meat berserker
    21 | D        | Noticed a bag of meat
    22 | D        | Noticed a meat berserker
    22 | D        | Killed a bag of meat
    22 | D        | Reached * piety under Makhleb
    22 | D        | Noticed a bag of meat
    22 | D        | Noticed a bag of meat
    22 | D        | Noticed a bag of meat
    23 | D        | Reached skill level 27 in Dodging
    23 | D        | Reached XP level 12. HP: 53/53 MP: 17/17
    23 | D        | Killed a meat berserker
    23 | D        | Killed a bag of meat
    23 | D        | Noticed a meat berserker
    23 | D        | Noticed a bag of meat
    23 | D        | Noticed a bag of meat
    23 | D        | Noticed a bag of meat
    23 | D        | Noticed a bag of meat
    23 | D        | Noticed a bag of meat
    24 | D        | Reached XP level 13. HP: 57/57 MP: 18/18
    24 | D        | Killed a meat berserker
    24 | D        | Reached ** piety under Makhleb
    24 | D        | Killed a bag of meat
    24 | D        | Killed a meat berserker
    24 | D        | Killed a bag of meat
    24 | D        | Reached *** piety under Makhleb
    24 | D        | Killed a bag of meat
    25 | D        | Reached skill level 27 in Axes
    25 | D        | Reached skill level 15 in Spellcasting
    25 | D        | Reached XP level 14. HP: 79/79 MP: 18/34
    25 | D        | Reached XP level 15. HP: 83/83 MP: 18/35
    25 | D        | Noticed a meat berserker
    26 | D        | Noticed a large bag of meat
    27 | D        | Reached **** piety under Makhleb
    27 | D        | Killed a meat berserker
    27 | D        | Reached ***** piety under Makhleb
    28 | D        | Reached skill level 27 in Stealth
    28 | D        | Reached XP level 16. HP: 97/97 MP: 18/43
    29 | D        | Reached skill level 27 in Translocations
    29 | D        | Killed a meat berserker
    29 | D        | Killed a large bag of meat
    29 | D        | Noticed The Servant
    29 | D        | Noticed a large bag of meat
    30 | D        | Reached skill level 27 in Spellcasting
    30 | D        | Reached XP level 17. HP: 62/116 MP: 18/49
    30 | D        | Killed a meat berserker
    30 | D        | Reached ****** piety under Makhleb
    30 | D        | Killed a destroyer
    31 | D        | Reached skill level 27 in Fighting
    31 | D        | Reached XP level 18. HP: 112/127 MP: 19/50
    31 | D        | Killed a meat berserker
    32 | D        | Killed a meat berserker
    32 | D        | Noticed a destroyer
    32 | D        | Noticed a sculptor of flesh
    33 | D        | Reached XP level 19. HP: 113/132 MP: 19/51
    34 | D        | Reached skill level 27 in Invocations
    35 | D        | Killed a large bag of meat
    35 | D        | Noticed a destroyer
    36 | D        | Killed a meat berserker
    36 | D        | Killed a meat berserker
    37 | D        | Reached skill level 27 in Armour
    37 | D        | Reached skill level 5 in Ranged Weapons
    37 | D        | Reached skill level 5 in Necromancy
    37 | D        | Reached skill level 5 in Air Magic
    37 | D        | Reached skill level 5 in Earth Magic
    37 | D        | Reached skill level 5 in Poison Magic
    37 | D        | Reached XP level 20. HP: 128/137 MP: 20/52
    38 | D        | Reached skill level 5 in Long Blades
    38 | D        | Reached skill level 5 in Unarmed Combat
    38 | D        | Reached skill level 5 in Summonings
    38 | D        | Reached skill level 5 in Fire Magic
    38 | D        | Reached skill level 5 in Ice Magic
    38 | D        | Annihilated by The Servant

Illustrated notes

Levels and vault maps discovered:
D:        meatsprint

Skill      XL: |  1  2  3  4  5  6  7  8  9 10 11 12 13 14 15 16 17 18 19 20 |
---------------+-------------------------------------------------------------+-----
Axes           | 15 17 20 25 27 | 27.0
Dodging        | 23 26 27 | 27.0
Fighting       | 11 16 24 27 | 27.0
Stealth        | 19 27 | 27.0
Spellcasting   | 15 22 27 | 27.0
Translocations | 18 26 27 | 27.0
Armour         | 14 19 27 | 27.0
Invocations    | 18 24 27 | 27.0
Short Blades   | 6 7 |  7.0
Long Blades    | 4 5 |  5.3
Maces & Flails | 4 |  4.8
Polearms       | 4 |  4.8
Staves         | 4 |  4.9
Ranged Weapons | 5 6 |  6.4
Throwing       | 6 |  6.6
Shields        | 4 |  4.8
Unarmed Combat | 4 5 |  5.3
Conjurations   | 4 |  4.8
Hexes          | 7 |  7.7
Summonings     | 4 5 |  5.3
Necromancy     | 5 |  5.8
Transmutations | 7 8 |  8.5
Fire Magic     | 4 5 |  5.3
Ice Magic      | 4 5 |  5.3
Air Magic      | 5 |  5.8
Earth Magic    | 5 |  5.8
Poison Magic   | 5 6 |  6.4
Evocations     | 7 8 |  8.5

Action                     |  1- 3 |  4- 6 |  7- 9 | 10-12 | 13-15 | 16-18 | 19-21 || total
---------------------------+-------+-------+-------+-------+-------+-------+-------++-------
  Melee: Broad axe         |     1 |       |       |     3 |     3 |     5 |     5 ||    17
